AoeStats
← x_treme77

Arena

510443342Analyzed
4v4 RM · 2d ago on Oct 1, 2026· 33m 54s· 8 players
Game mode
Random Map
Map size
Large (8 player)
Population
200
Speed
Normal
Resources
Standard
Victory
Conquest
Starting age
Dark Age
Ending age
Imperial Age
RankedLock teamsTeams togetherTeam positionsShared explorationLock speedFull tech treeHidden civsTurbo modeCheats
Victory
Defeat
🇨🇱 Malians · Chile
1530
+14
🇨🇱 Teutons · Chile
1528
+14
🇨🇱 Khmer · Chile
1517
+14
🇨🇱 Japanese · Chile
1508
+15
🇺🇸 Britons · United States
1514
-16
1496
-15
🇭🇰 Celts · Hong Kong SAR China
1453
-13
🇲🇽 Cumans · Mexico
1445
-13
SimmaHem7912
9:00 Feudal Age
9:45 Loom
20:18 Horse Collar
23:39 Wheelbarrow
23:43 Fletching
26:00 Town Watch
26:38 Double-Bit Axe
30:38 Castle Age
29:02 Stone Mining
x_treme77
7:13 Loom
10:19 Feudal Age
14:43 Castle Age
12:34 Double-Bit Axe
15:48 Bow Saw
17:58 Wheelbarrow
19:02 Horse Collar
23:05 Fletching
22:37 Crossbowman
24:03 Bodkin Arrow
29:25 Imperial Age
26:44 Town Watch
27:12 Masonry
27:55 Padded Archer Armor
29:30 Ballistics
30:53 Conscription
30:47 Bracer
32:09 Chemistry
31:41 Arbalester
32:47 Leather Archer Armor
勤奮的兔兔
10:18 Feudal Age
14:18 Castle Age
15:56 Double-Bit Axe
15:52 Horse Collar
17:07 Wheelbarrow
22:17 Bow Saw
22:18 Loom
22:42 Heavy Plow
24:33 Hand Cart
24:15 Gold Mining
24:17 Stone Mining
28:00 Imperial Age
26:58 Pikeman
28:19 Fortified Wall
28:31 Ballistics
29:00 Scale Mail Armor
29:11 Forging
29:50 Conscription
31:05 Chemistry
29:34 Capped Ram
29:42 Halberdier
30:38 Chain Mail Armor
32:19 Siege Ram
33:08 Onager
瓦兰吉程咬金三板斧
10:26 Feudal Age
14:07 Castle Age
12:58 Horse Collar
13:10 Double-Bit Axe
15:23 Wheelbarrow
16:21 Scale Mail Armor
18:30 Bow Saw
20:37 Squires
21:54 Chain Mail Armor
23:04 Forging
24:42 Scale Barding Armor
26:14 Bloodlines
28:14 Chain Barding Armor
28:24 Arson
30:40 Iron Casting
30:51 Loom
31:30 Husbandry
35:30 Imperial Age
[KKCK]nachoalbo_
11:04 Feudal Age
13:48 Castle Age
12:55 Double-Bit Axe
12:52 Horse Collar
15:12 Bow Saw
15:06 Heavy Plow
19:49 Wheelbarrow
20:49 Gold Mining
21:09 Stone Mining
22:11 Hand Cart
22:47 Gold Shaft Mining
23:34 Stone Shaft Mining
27:12 Imperial Age
24:31 Loom
24:37 Town Watch
26:20 Scale Barding Armor
26:26 Forging
27:49 Chain Barding Armor
28:55 Iron Casting
27:44 Light Cavalry
28:34 Bloodlines
28:25 Husbandry
29:27 Plate Barding Armor
29:17 Heavy Scorpion
31:03 Ballistics
31:43 Chemistry
31:58 Blast Furnace
31:22 Siege Engineers
31:21 Fletching
33:58 Double Crossbow
34:19 Conscription
john wick
11:04 Feudal Age
12:37 Wheelbarrow
15:08 Castle Age
13:16 Double-Bit Axe
13:25 Horse Collar
23:11 Arson
23:27 Squires
25:57 Scale Mail Armor
26:28 Forging
26:06 Gambesons
27:25 Heavy Plow
27:42 Loom
28:27 Bow Saw
28:54 Chain Mail Armor
29:15 Iron Casting
32:00 Fletching
33:25 Bodkin Arrow
[KKCK]Erdinger_CLs
6:18 Loom
8:58 Feudal Age
10:20 Fletching
24:07 Horse Collar
27:43 Castle Age
26:24 Gold Mining
26:20 Double-Bit Axe
28:29 Bodkin Arrow
36:48 Imperial Age
[KKCK]Taker_
4:11 Loom
10:52 Feudal Age
15:09 Castle Age
14:40 Double-Bit Axe
14:38 Horse Collar
22:20 Town Watch
30:48 Wheelbarrow
35:02 Imperial Age
34:26 Hand Cart
Connection lost

Rejoining the realm…

Still unreachable

The connection could not be restored.

Session expired

The server has moved on; the page needs a fresh start.